 Dungeon Crawl Stone Soup version 0.24-a0-164-g56e1b8f (webtiles) character file.

Game seed: 0

131 emperorscorpion the Cutter (level 5, 0/28 HPs)
             Began as a Vine Stalker Berserker on Mar 5, 2019.
             Was a Believer of Trog.
             Slain by an orc priest (4 damage)
             ... on level 3 of the Dungeon on Mar 6, 2019.
             The game lasted 00:03:35 (2816 turns).

emperorscorpion the Cutter (Vine Stalker Berserker) Turns: 2816, Time: 00:03:36

Health: 0/28       AC:  3    Str: 20 (21) XL:     5   Next: 14%
Magic:  0/6        EV: 12    Int:  7 (9)  God:    Trog [**....]
Gold:   35         SH:  0    Dex: 11 (13) Spells: 4/4 levels left

rFire    . . .     SeeInvis .   a - +0 short sword
rCold    . . .     Gourm    .   (no shield)
rNeg     . . .     Faith    .   b - +1 animal skin
rPois    .         Spirit   +   (no helmet)
rElec    .         Reflect  .   (no cloak)
rCorr    .         Harm     .   (no gloves)
MR       .....                  (no boots)
Stlth    ++........             (no amulet)
HPRegen  0.49/turn              (no ring)
MPRegen  0.10/turn              g - +2 ring of intelligence

@: berserk cooldown, slowed, very slow
A: fangs 2, regeneration 1, magic shield, antimagic bite, no potion heal 3, rot
immunity
a: Berserk, Trog's Hand, Renounce Religion


You were on level 3 of the Dungeon.
You worshipped Trog.
Trog was pleased with you.
You were hungry.

You visited 1 branch of the dungeon, and saw 3 of its levels.

You collected 35 gold pieces.

Inventory:

Hand Weapons
 a - a +0 short sword (weapon)
Missiles
 j - 4 poisoned needles
 k - 5 silver javelins (quivered)
Armour
 b - a +1 animal skin (worn)
Jewellery
 g - a +2 ring of intelligence (right hand)
Scrolls
 d - 2 scrolls of remove curse
 i - a scroll of teleportation
Potions
 e - a potion of mutation {unknown}
 h - 2 potions of ambrosia {unknown}
Comestibles
 c - 9 rations
 f - a chunk of flesh


   Skills:
 + Level 3.3 Fighting
 + Level 4.0 Short Blades
 + Level 1.6 Armour
 + Level 2.3 Dodging
 + Level 1.7 Stealth


You had 4 spell levels left.
You didn't know any spells.
Your spell library was empty.

Dungeon Overview and Level Annotations

Branches:
Dungeon (3/15)

Altars:


Innate Abilities, Weirdness & Mutations

You have extremely sharp teeth.
Your natural rate of healing is unusually fast.
When hurt, damage is shared between your health and your magic reserves.
Your bite disrupts and absorbs the magic of your enemies.
Potions cannot restore your health.
You are immune to rotting.


Message History

The orc priest is almost dead.
You closely miss the orc priest. Your bite misses the orc priest.
The orc priest is almost dead.
The orc priest hits you but does no damage.
You hit the orc priest but do no damage.
Your bite misses the orc priest.
The orc priest is almost dead.
You are no longer berserk.
You are exhausted.
You feel yourself slow down.
You hit the orc priest but do no damage.
The orc priest is almost dead.
The orc priest mumbles some strange prayers to Beogh against you.
Beogh smites you! The orc priest hits you.
* * * LOW HITPOINT WARNING * * *
You are too injured to fight recklessly!
You hit the orc priest but do no damage.
The orc priest is almost dead.
The orc priest hits you.
You die...

### ## .. .. .#
.#
##..######.#..#.#
.......<))......#
##..#####)##.##.
..# #@# .. #o#
..##.##.#
........#
..##.#..# .. #..#
... ....#
....o....
.....#..#


You could see an orc priest.

Vanquished Creatures
  An orc priest (D:3)
  3 adders (D:2)
  An ooze (D:1)
  3 worms (D:2)
  A dart slug (D:1)
  2 leopard geckos (D:2)
  3 orcs (D:3)
  2 giant cockroaches
  6 hobgoblins
  3 quokkas (D:2)
  2 ball pythons (D:1)
  8 bats
  3 frilled lizards (D:1)
  8 goblins
  5 kobolds
  3 rats
54 creatures vanquished.

Notes
Turn   | Place    | Note
-------+----------+-------------------------------------------
     0 | D:1      | emperorscorpion the Vine Stalker Berserker began the quest
                  | for the Orb.
     0 | D:1      | Reached XP level 1. HP: 11/11 MP: 2/2
   342 | D:1      | Reached XP level 2. HP: 9/16 MP: 0/3
   506 | D:1      | Reached skill level 3 in Short Blades
   963 | D:1      | Reached XP level 3. HP: 16/20 MP: 2/4
  1192 | D:1      | Reached skill level 1 in Stealth
  1626 | D:1      | Upgraded the game from 0.24-a0-160-gfa3a8d6 to
                  | 0.24-a0-164-g56e1b8f
  2203 | D:2      | Gained mutation: Your natural rate of healing is unusually
                  | fast. [Vine Stalker growth]
  2203 | D:2      | Reached XP level 4. HP: 3/24 MP: 0/5
  2681 | D:2      | Reached ** piety under Trog
  2807 | D:3      | Reached XP level 5. HP: 28/28 MP: 4/6
  2808 | D:3      | Reached skill level 4 in Short Blades
  2816 | D:3      | Slain by an orc priest

Levels and vault maps discovered:
D:1:      dpeg_arrival_lava_temple_mockup, layout_basic, minmay_hedge_maze,
          minivault_25
D:2:      layout_basic
D:3:      layout_basic, first_ration, uniq_grinder

Skill      XL: |  1  2  3  4  5 |
---------------+----------------+-----
Short Blades   | 3 4 |  4.0
Fighting       | 3 |  3.3
Stealth        | 1 |  1.7
Dodging        | 2 |  2.3
Armour         | |  1.6

Action                   |  1- 3 |  4- 6 || total
-------------------------+-------+-------++-------
Melee: Short sword       |    88 |    63 ||   151
       Bite              |    20 |    15 ||    35
Invok: Berserk           |     3 |     2 ||     5
  Use: Potion            |     5 |       ||     5
       Scroll            |     2 |     3 ||     5
 Stab: Sleeping          |     2 |       ||     2
  Eat: Chunk             |     7 |     3 ||    10
Armor: Animal skin       |    27 |    17 ||    44
Dodge: Dodged            |    62 |    46 ||   108

Table legend:
 A = Non-vault XP
 B = Vault XP
 C = Vault XP percentage of total XP
 D = Non-vault monster count
 E = Vault monster count
 F = Vault count percentage of total count
                 A         B        C        D         E       F
            +---------+---------+-------+---------+---------+-------
      Total |     188 |       0 |   0.0 |      54 |       0 |   0.0
            +---------+---------+-------+---------+---------+-------
        D:1 |      43 |       0 |   0.0 |      23 |       0 |   0.0
        D:2 |      88 |       0 |   0.0 |      24 |       0 |   0.0
        D:3 |      57 |       0 |   0.0 |       7 |       0 |   0.0
            +---------+---------+-------+---------+---------+-------
